 Dungeon Crawl Stone Soup version 0.21-a0-278-ga722497 (webtiles) character file.

393 4thArraOfDagon the Chopper (level 6, -1/56 HPs)
             Began as a Minotaur Chaos Knight on Sept 21, 2017.
             Slain by a gnoll
             ... wielding a +0 spear
              (6 damage)
             ... on level 2 of the Dungeon.
             The game lasted 00:09:15 (1278 turns).

4thArraOfDagon the Chopper (Minotaur Chaos Knight)  Turns: 1278, Time: 00:09:16

Health: -1/56      AC:  7    Str: 16    XL:     6   Next: 51%
Magic:  5/5        EV:  6    Int: 11    God:    Xom [..*...]
Gold:   144        SH: 11    Dex: 14    Spells: 5/5 levels left

rFire    . . .     SeeInvis .   a - +0 hand axe (chaos)
rCold    . . .     Gourm    .   g - +0 large shield
rNeg     . . .     Faith    .   e - +0 scale mail
rPois    .         Spirit   .   (helmet restricted)
rElec    .         Reflect  .   (no cloak)
rCorr    .         Harm     .   (no gloves)
MR       +....                  (no boots)
Stlth    ..........             (no amulet)
HPRegen  0.58/turn              u - ring of protection from magic
MPRegen  0.09/turn              l - +4 ring of dexterity

@: no status effects
A: retaliatory headbutt, claws 1, horns 2, regeneration 1, screaming 2
a: Renounce Religion


You were on level 2 of the Dungeon.
You worshipped Xom.
You were a toy of Xom.
You were not hungry.

You visited 1 branch of the dungeon, and saw 4 of its levels.
You also visited: Ossuary.

You collected 144 gold pieces.

Inventory:

Hand Weapons
 a - a +0 hand axe of chaos (weapon)
 y - a +0 whip
Armour
 b - a +2 leather armour
 e - a +0 scale mail (worn)
 g - a +0 large shield (worn)
Jewellery
 l - a +4 ring of dexterity (right claw)
 u - a ring of protection from magic (left claw)
Wands
 j - a wand of random effects (26/48)
Scrolls
 f - a scroll of blinking
 i - a scroll of amnesia
 n - 2 scrolls of identify {unknown}
 o - a scroll of enchant weapon {unknown}
 p - a scroll of teleportation {unknown}
 q - a scroll of vulnerability {unknown}
 w - a scroll of recharging {unknown}
Potions
 m - 3 potions of magic {unknown}
 r - a potion of curing {unknown}
 s - 2 potions of lignification {unknown}
 t - 2 potions of mutation
 v - a potion of might {unknown}
Miscellaneous
 k - a box of beasts
Comestibles
 c - 2 bread rations
 d - a meat ration
 h - a fruit
 x - a chunk of flesh


   Skills:
 + Level 5.1 Fighting
 * Level 6.2 Axes
 - Level 4.3 Armour
 + Level 3.1 Dodging
 + Level 0.1 Spellcasting


You had 5 spell levels left.
You didn't know any spells.

Dungeon Overview and Level Annotations

Branches:
Dungeon (4/15)
 Temple: D:4-7

Altars:
Fedhas

Shops:
D:4 :


Innate Abilities, Weirdness & Mutations

You reflexively headbutt those who attack you in melee.
You have a pair of horns on your head.
You have sharp fingernails.
Your natural rate of healing is unusually fast.
You sometimes yell uncontrollably at your foes.


Message History

The gnoll is severely wounded.
You block the gnoll's attack.
Your shield prevents you from hitting the gnoll.
The gnoll is severely wounded.
You block the gnoll's attack. The gnoll hits you but does no damage.
You barely miss the gnoll.
The gnoll is severely wounded.
The gnoll hits you with a halberd. The gnoll barely misses you.
You closely miss the gnoll.
The gnoll is severely wounded.
You block the gnoll's attack.
The gnoll hits you from afar with a spear!
* * * LOW HITPOINT WARNING * * *
Unknown command.
You hit the gnoll but do no damage.
The gnoll is severely wounded.
The gnoll hits you with a halberd!
* * * LOW HITPOINT WARNING * * *
The gnoll hits you from afar with a spear.
You die...

### #.. #.# # #.# #
###.##############g#
................@g.#
.##.################
...># ...## ####


You could see 2 gnolls.

Vanquished Creatures
  An elf zombie (Ossuary)
  An orc wizard (D:3)
  2 hounds (D:4)
  A worker ant (D:4)
  3 mummies (Ossuary)
  2 gnolls (D:2)
  2 adders
  2 worms (D:2)
  A leopard gecko (D:3)
  5 orcs (D:3)
  5 bats
  5 giant cockroaches
  3 goblins
  5 hobgoblins
  2 jackals (D:1)
  A quokka (D:2)
  2 ball pythons
  2 frilled lizards
  2 hobgoblin zombies (Ossuary)
  4 kobolds
  2 kobold zombies
  A rat (D:3)
  A rat zombie (D:4)
55 creatures vanquished.

Vanquished Creatures (collateral kills)
  An elf zombie (Ossuary)
  2 human zombies (Ossuary)
  2 big kobold zombies (Ossuary)
  A mummy (Ossuary)
  A hobgoblin zombie (Ossuary)
7 creatures vanquished.

Vanquished Creatures (others)
  A hound zombie (Ossuary)
  A worm (D:2)
  A jackal zombie (Ossuary)
  5 toadstools (D:1)
8 creatures vanquished.

Grand Total: 70 creatures vanquished

Notes
Turn   | Place    | Note
-------+----------+-------------------------------------------
     0 | D:1      | 4thArraOfDagon the Minotaur Chaos Knight began the quest for the Orb.
     0 | D:1      | Reached XP level 1. HP: 19/19 MP: 0/0
    53 | D:1      | XOM: potion effect (haste)
   177 | D:3      | Reached XP level 2. HP: 27/27 MP: 1/1
   205 | D:3      | Reached skill level 4 in Axes
   211 | D:3      | XOM: potion effect (brilliance)
   214 | D:3      | Gained mutation: You occasionally shout uncontrollably at your foes. [potion of mutation]
   214 | D:3      | Gained mutation: You sometimes yell uncontrollably at your foes. [potion of mutation]
   214 | D:3      | Gained mutation: Your natural rate of healing is unusually fast. [potion of mutation]
   214 | D:3      | Gained mutation: You have sharp fingernails. [potion of mutation]
   226 | D:3      | Reached XP level 3. HP: 16/33 MP: 2/2
   331 | D:2      | Reached XP level 4. HP: 27/40 MP: 3/3
   422 | D:2      | Found a blossoming altar of Fedhas.
   672 | D:4      | Found a sand-covered staircase.
   684 | Ossuary  | Entered an ossuary
   701 | Ossuary  | XOM: divination: detect items
   711 | Ossuary  | XOM: divination: detect items
   717 | Ossuary  | Reached skill level 5 in Axes
   732 | Ossuary  | Reached XP level 5. HP: 41/47 MP: 4/4
   754 | Ossuary  | Reached XP level 6. HP: 46/55 MP: 5/5
   839 | Ossuary  | XOM: divination: detect items
   932 | D:4      | Reached skill level 5 in Fighting
   932 | D:4      | Reached skill level 6 in Axes
  1034 | D:4      | XOM: mild Conj miscast
  1070 | D:4      | XOM: harmless Chrm miscast
  1091 | D:4      | Found Emnusan's Book Boutique.
  1278 | D:2      | Slain by a gnoll

Vault maps used:
D:1:      ldierk_walled_garden, serial_forest, infiniplex_forest_lined_room_2,
          infiniplex_forest_lined_room_2, infiniplex_forest_straight_4,
          infiniplex_forest_lined_1, infiniplex_forest_clump_tiny,
          infiniplex_forest_lined_room_2, infiniplex_forest_clump_small,
          infiniplex_forest_diagonal, infiniplex_forest_clump_small,
          infiniplex_forest_lined_3
D:2:      kb_forest_paths, minmay_misc_feat_nine_boxes, fedhas_altar_3
D:4:      serial_shops, nicolae_shop_crystal, first_bread, enter_ossuary_3,
          grunt_gozag_breadcrumbs
Ossuary:  ossuary_minmay_tomb_2a

Skill      XL: |  1  2  3  4  5  6 |
---------------+-------------------+-----
Axes           | 4 5 6 |  6.2
Fighting       | 4 5 |  5.1
Armour         | 3 4 |  4.3
Dodging        | 2 3 |  3.1
Spellcasting   | |  0.1

Action                   |  1- 3 |  4- 6 || total
-------------------------+-------+-------++-------
Melee: Hand axe          |    62 |   140 ||   202
       Headbutt          |     6 |    26 ||    32
Evoke: Box of beasts     |       |     1 ||     1
  Use: Potion            |     3 |     1 ||     4
       Scroll            |       |     4 ||     4
 Stab: Paralysed         |       |     2 ||     2
  Eat: Chunk             |       |     2 ||     2
Armor: Leather armour    |    23 |       ||    23
       Scale mail        |     1 |    56 ||    57
Dodge: Dodged            |    13 |    20 ||    33
Block: Large shield      |    27 |    73 ||   100

Table legend:
 A = Spawn XP
 B = Non-spawn XP
 C = Spawn XP percentage of total XP
 D = Spawn monster count
 E = Non-spawn monster count
 F = Spawn count percentage of total count
 G = Total turns spent on level
                    A         B        C        D         E        F      G
               +---------+---------+-------+---------+---------+-------+---------
         Total |       0 |     562 |   0.0 |       0 |      64 |   0.0 |  1278
               +---------+---------+-------+---------+---------+-------+---------
           D:1 |       0 |      16 |   0.0 |       0 |      10 |   0.0 |   209
           D:2 |       0 |      66 |   0.0 |       0 |      11 |   0.0 |   282
           D:3 |       0 |      93 |   0.0 |       0 |      21 |   0.0 |   378
           D:4 |       0 |     122 |   0.0 |       0 |       7 |   0.0 |   221
       Ossuary |       0 |     265 |   0.0 |       0 |      15 |   0.0 |   188
               +---------+---------+-------+---------+---------+-------+---------
